 Dungeon Crawl Stone Soup version 0.21-a0-279-g6037ffb (webtiles) character file.

49424 Joz the Unseen (level 14, -2/72 HPs)
             Began as a Spriggan Enchanter on Sept 24, 2017.
             Was the Champion of Dithmenos.
             Killed from afar by an oklob plant (7 damage)
             ... with a splash of acid
             ... on level 5 of the Lair of Beasts.
             The game lasted 01:06:50 (26612 turns).

Joz the Unseen (Spriggan Enchanter)                Turns: 26612, Time: 01:06:51

Health: -2/72      AC:  8    Str:  7    XL:     14   Next: 15%
Magic:  18/28      EV: 24    Int: 28    God:    Dithmenos [******]
Gold:   1150       SH:  0    Dex: 11    Spells: 20/37 levels left

rFire    . . .     SeeInvis +   c - +9 short sword "Ugy Wot" {pierce, rC++ Int+7 Dex-5}
rCold    + + .     Gourm    .   (shield restricted)
rNeg     . . .     Faith    .   h - +2 robe {MR+}
rPois    .         Spirit   .   b - +2 hat
rElec    .         Reflect  .   X - +2 cloak
rCorr    .         Harm     .   (gloves unavailable)
MR       +++..                  (boots unavailable)
Stlth    ++++++++++             K - amulet of rage
HPRegen  0.22/turn              Q - +4 ring of slaying
MPRegen  0.21/turn              y - +3 ring of protection

@: corroded, wreathed by umbra, very quick
A: unfitting armour, see invisible, clever 1, herbivore 3, speed 3, low mp 1,
slow metabolism 2, MP-powered wands
a: Shadow Step, Shadow Form, Renounce Religion, Evoke Berserk Rage


You were on level 5 of the Lair of Beasts.
You worshipped Dithmenos.
Dithmenos was exalted by your worship.
You were not hungry.

You visited 3 branches of the dungeon, and saw 20 of its levels.
You also visited: Sewer.

You collected 1360 gold pieces.
You spent 210 gold pieces at shops.

Inventory:

Hand Weapons
 c - the +9 short sword "Ugy Wot" (weapon) {pierce, rC++ Int+7 Dex-5}
   (You found it on level 3 of the Lair of Beasts)

   It inflicts extra damage upon your enemies.
   It affects your intelligence (+7).
   It affects your dexterity (-5).
   It greatly protects you from cold.
 v - a +4 short sword of draining
Missiles
 D - a throwing net (quivered)
Armour
 b - a +2 hat (worn)
 h - a +2 robe of magic resistance (worn)
 F - a +2 robe of cold resistance
 X - a +2 cloak (worn)
Jewellery
 i - the ring "Wuschur" {-Tele Str+10 Int+5 Dex+4 SInv}
   (You found it on level 3 of the Lair of Beasts)

   [ring of intelligence]

   It affects your strength (+10).
   It affects your intelligence (+5).
   It affects your dexterity (+4).
   It lets you see invisible.
   It prevents most forms of teleportation.
 p - an uncursed ring of protection from fire
 u - the ring of Uqaxiuw {+Fly rC+ Dex+2}
   (You found it on level 5 of the Dungeon)

   [ring of protection from cold]

   It affects your dexterity (+2).
   It protects you from cold.
   It lets you fly.
 y - a +3 ring of protection (right hand)
 C - an uncursed ring of protection from fire
 K - an amulet of rage (around neck)
 Q - a +4 ring of slaying (left hand)
 W - an uncursed ring of resist corrosion
Wands
 a - a wand of enslavement (8/24)
 e - a wand of paralysis (8/24)
 n - a wand of scattershot (2/9)
 r - a wand of polymorph (9/24)
 x - a wand of lightning (7/15)
 z - a wand of acid (4/15)
 A - a wand of digging (24/24)
 G - a wand of iceblast (5/15)
 I - a wand of iceblast (8/15)
 M - a wand of polymorph (10/24)
Scrolls
 g - a scroll of fear
 k - 9 scrolls of remove curse
 l - 2 scrolls of amnesia
 o - 9 scrolls of teleportation
 s - 3 scrolls of recharging
 t - 3 scrolls of magic mapping
 w - a scroll of enchant armour
 N - 2 scrolls of acquirement
 R - a scroll of summoning
 S - 5 scrolls of identify
Potions
 j - 10 potions of curing
 q - 4 potions of haste
 B - a potion of ambrosia
 E - a potion of cancellation
 J - a potion of flight
 L - 2 potions of brilliance
 O - a potion of heal wounds
 T - 2 potions of agility
Books
 f - the Disquisition on Lightness and Attacks
   (You found it on level 3 of the Lair of Beasts)

   Spells                             Type                      Level
   a - Throw Frost                    Conjuration/Ice              2
   b - Poisonous Vapours              Poison/Air                   2
   c - Throw Icicle                   Conjuration/Ice              4
   d - Venom Bolt                     Conjuration/Poison           5
   e - Iskenderun's Battlesphere      Conjuration/Charms           5
 H - a book of Beasts

   Spells                             Type                      Level
   a - Summon Butterflies             Summoning                    1
   b - Call Canine Familiar           Summoning                    3
   c - Summon Ice Beast               Ice/Summoning                4
   d - Summon Mana Viper              Hexes/Summoning              5
   e - Summon Hydra                   Summoning                    7
 P - a book of Callings

   Spells                             Type                      Level
   a - Summon Small Mammal            Summoning                    1
   b - Call Imp                       Summoning                    2
   c - Call Canine Familiar           Summoning                    3
   d - Summon Guardian Golem          Hexes/Summoning              3
   e - Summon Lightning Spire         Summoning/Air                4
   f - Summon Ice Beast               Ice/Summoning                4
 Y - a book of Cantrips

   Spells                             Type                      Level
   a - Confusing Touch                Hexes                        1
   b - Animate Skeleton               Necromancy                   1
   c - Summon Small Mammal            Summoning                    1
   d - Apportation                    Translocation                1
Comestibles
 d - 11 bread rations
 m - 3 royal jellies
 Z - 6 fruits


   Skills:
 + Level 7.4 Fighting
 + Level 9.7 Short Blades
 + Level 12.6 Dodging
 + Level 18.4 Stealth
 + Level 12.0 Spellcasting
 + Level 11.9 Hexes
 - Level 6.0 Summonings


You had 20 spell levels left.
You knew the following spells:

 Your Spells              Type           Power        Failure   Level  Hunger
a - Ensorcelled Hibernat  Hex/Ice        ######       1%          2    None
b - Corona                Hex            ######.      1%          1    None
c - Confuse               Hex            ######..     1%          3    None
d - Tukima's Dance        Hex            ######..     1%          3    None
e - Dazzling Spray        Conj/Hex       ######       1%          3    None
f - Summon Mana Viper     Hex/Summ       ######..     2%          5    ###....


Dungeon Overview and Level Annotations

Branches:
Dungeon (14/15)            Temple (1/1) D:5            Lair (5/6) D:9
 Shoals (0/4) Lair:2        Snake (0/4) Lair:2        Slime (0/5) Lair:5
    Orc (0/2) D:10         Vaults (0/5) D:13

Altars:
Ashenzari
Cheibriados
Dithmenos
Elyvilon
Fedhas
Gozag
Hepliaklqana
Kikubaaqudgha
Makhleb
Nemelex Xobeh
Okawaru
Qazlal
Ru
Sif Muna
Trog
Uskayaw
Vehumet
Wu Jian
Xom
Yredelemnul
Zin
The Shining One

Shops:
D:6 !   D:12 %

Annotations:
Lair:5 exclusion: 3 oklob plants


Innate Abilities, Weirdness & Mutations

You are very small and have problems with some larger weapons.
You are too small for most types of armour.
You have supernaturally acute eyesight. (SInv)
You are a herbivore.
You cover ground extremely quickly.
You need consume almost no food.
Your mind is acute. (Int +2)
Your magical capacity is low. (-10% MP)
You expend magic power (3 MP) to strengthen your wands.


Message History

The oklob plant spits acid at you. The splash of acid hits you!
You emit a cloud of dark smoke.
You are splashed with acid!
The acid burns!
You emit a cloud of dark smoke.
Unknown command.
Casting: Confuse
Confirm with . or Enter, or press ? or * to list all spells.
Aiming: Confuse
Press: ? - help, Shift-Dir - straight line, f/p - oklob plant
Aim: an oklob plant (black smoke, umbra, chance to defeat MR: 65%)
The oklob plant appears confused.
Your shadow mimicks your spell!
The oklob plant easily resists.
The porcupine misses you. The oklob plant spits acid at you.
The splash of acid hits you!
* * * LOW HITPOINT WARNING * * *
You are splashed with acid!
The acid burns!
* * * LOW HITPOINT WARNING * * *
The oklob plant spits acid at you. The splash of acid hits you!
You die...

##..........# .....##.#
##............
........###.............
..........P.............
........................
..PP.P..................
#PP...................
#..§§rP§..............
#...§@§§..............
.....§§P§P..............
........................
........................
........................
(.....##P##............#
Y.... ......###
###.<........#.#
.........##.
#........##..# .#......#
#.###....######


You could see 3 oklob plants and a porcupine.

Vanquished Creatures
  Gastronok (Lair:1)
  Josephine (D:13)
  Erolcha (D:12)
  8 hydras
  The ghost of soonmide the Cruncher, a journeyman DsMo of Wu Jian (Lair:1)
  A centaur warrior (D:13)
  3 two-headed ogres
  2 dancing weapons (D:13)
  4 lindwurms (Lair:3)
  An oklob plant (Lair:5)
  2 ugly things
  7 deep elf magi
  6 slime creatures
  3 cyclopes
  A manticore (D:10)
  Maurice (D:11)
  A centaur zombie (D:13)
  Psyche (D:11)
  2 centaur skeletons
  8 spiny frogs
  The ghost of Ganzo the Covert, a novice SpEn of Dithmenos (D:8)
  3 komodo dragons
  A rime drake (Lair:4)
  2 kobold demonologists
  4 trolls
  5 polar bears
  Grinder (D:5)
  5 blink frogs
  A wind drake (shapeshifter) (D:12)
  3 wyverns
  6 hippogriffs
  A shadow (D:13)
  A wraith (D:13)
  18 yaks
  2 basilisks
  4 vampire mosquitoes (D:12)
  A steam dragon (D:9)
  Grum (Lair:1)
  Menkaure (D:5)
  5 hungry ghosts
  2 nagas (Lair:2)
  7 porcupines
  6 water moccasins
  2 sky beasts
  7 ice beasts
  9 orc warriors
  2 phantoms
  3 black bears
  An eye of draining (D:12)
  2 necrophages (D:14)
  A hornet zombie (D:12)
  8 wolves
  8 ogres
  10 centaurs
  12 crocodiles
  3 big kobolds
  Blork the orc (D:5)
  An elf zombie (D:14)
  19 bullfrogs
  7 scorpions
  A hornet simulacrum (D:8)
  14 wights
  2 howler monkeys
  A troll skeleton (D:14)
  2 electric eels (D:8)
  2 vampire bats (D:8)
  5 crimson imps
  3 quasits
  A wyvern simulacrum (D:14)
  4 hounds
  4 jellies
  4 human zombies (D:14)
  4 orc priests
  Crazy Yiuf (D:6)
  3 bullfrog skeletons
  A gnoll shaman (D:6)
  3 iguanas
  11 orc wizards
  4 worker ants
  A human skeleton (D:14)
  A centaur simulacrum (D:8)
  A hound zombie (D:7)
  A hound skeleton (D:5)
  A mummy (D:14)
  A howler monkey skeleton (D:6)
  7 gnolls
  A worker ant zombie (D:7)
  18 adders
  4 shadow imps
  2 white imps (D:8)
  2 worker ant simulacra (D:8)
  6 oozes
  An adder skeleton (D:6)
  2 adder zombies (D:5)
  2 worms (D:2)
  3 dart slugs
  16 leopard geckos
  53 orcs
  14 bats
  14 giant cockroaches
  10 goblins
  4 hobgoblins
  14 jackals
  5 quokkas
  14 ball pythons
  16 frilled lizards
  17 kobolds
  A leopard gecko zombie (D:7)
  An orc zombie (D:14)
  A quokka zombie (D:5)
  8 rats
544 creatures vanquished.

Vanquished Creatures (collateral kills)
  Fannar (D:11)
  A slime creature (D:13)
  2 deep elf magi (D:13)
  A kobold demonologist (D:13)
  A komodo dragon (Lair:1)
  A blink frog (Lair:1)
  2 wraiths (D:13)
  A yak (Lair:3)
  A water moccasin (D:11)
  2 porcupines
  3 orc warriors
  A necrophage (D:9)
  3 wolves
  3 centaurs
  4 big kobolds
  A wyvern zombie (D:11)
  A wyvern skeleton (D:11)
  A centaur skeleton (D:9)
  An orc wizard (D:11)
  A gnoll (D:6)
  3 orcs
  A jackal (D:11)
  6 kobolds
  A plant (Lair:2)
43 creatures vanquished.

Vanquished Creatures (others)
  An orc wizard (D:6)
  5 fungi
  6 plants
12 creatures vanquished.

Grand Total: 599 creatures vanquished

Notes
Turn   | Place    | Note
-------+----------+-------------------------------------------
     0 | D:1      | Joz the Spriggan Enchanter began the quest for the Orb.
     0 | D:1      | Reached XP level 1. HP: 9/9 MP: 5/5
   671 | D:1      | Reached XP level 2. HP: 13/13 MP: 7/7
   675 | D:1      | Learned a level 2 spell: Ensorcelled Hibernation
  1123 | D:2      | Reached XP level 3. HP: 15/16 MP: 9/9
  1771 | D:1      | Learned a level 3 spell: Confuse
  1775 | D:1      | Learned a level 3 spell: Tukima's Dance
  2420 | D:3      | Reached skill level 5 in Hexes
  2420 | D:3      | Reached XP level 4. HP: 21/21 MP: 6/11
  2646 | D:3      | Learned a level 3 spell: Dazzling Spray
  3111 | D:3      | Reached XP level 5. HP: 24/24 MP: 4/13
  3629 | D:3      | Reached skill level 5 in Spellcasting
  3919 | D:4      | Found an opulent altar of Gozag.
  4115 | D:4      | You fall through a shaft!
  4115 | D:5      | Entered Level 5 of the Dungeon
  4121 | D:5      | Got a twitching silver ring
  4123 | D:5      | Identified the ring of Uqaxiuw {+Fly rC+ Dex+2} (You found it on level 5 of the Dungeon)
  4160 | D:5      | Identified a scroll of acquirement
  4207 | D:5      | Reached skill level 5 in Stealth
  4207 | D:5      | Reached XP level 6. HP: 20/28 MP: 15/15
  4517 | D:5      | Noticed Menkaure
  4530 | D:5      | Reached skill level 6 in Stealth
  4537 | D:5      | Killed Menkaure
  4537 | D:5      | Reached skill level 7 in Stealth
  5114 | D:4      | Found a sparkling altar of Nemelex Xobeh.
  5260 | D:5      | Found a staircase to the Ecumenical Temple.
  5262 | D:5      | Reached skill level 8 in Stealth
  5290 | Temple   | Entered the Ecumenical Temple
  5409 | Temple   | Became a worshipper of Dithmenos the Shadowed
  5437 | D:5      | Noticed Grinder
  5509 | D:5      | Reached XP level 7. HP: 32/32 MP: 16/16
  5542 | D:5      | Killed Grinder
  5542 | D:5      | Reached skill level 10 in Stealth
  6002 | D:5      | Noticed Blork the orc
  6006 | D:5      | Killed Blork the orc
  6108 | D:6      | Reached skill level 11 in Stealth
  6271 | D:6      | Found Vumiaq's Distillery.
  6282 | D:6      | Bought a potion of heal wounds for 70 gold pieces
  6282 | D:6      | Bought a potion of heal wounds for 70 gold pieces
  6282 | D:6      | Bought a potion of heal wounds for 70 gold pieces
  6336 | D:6      | Found a glowing drain.
  6380 | Sewer    | Entered a sewer
  6872 | Sewer    | Reached * piety under Dithmenos
  7128 | Sewer    | Reached ** piety under Dithmenos
  7401 | Sewer    | Reached skill level 12 in Stealth
  7401 | Sewer    | Reached XP level 8. HP: 36/36 MP: 17/17
  7773 | D:6      | Reached skill level 13 in Stealth
  8151 | D:6      | Reached skill level 14 in Stealth
  8614 | D:6      | Noticed a cyclops
  8631 | D:6      | Killed a cyclops
  8631 | D:6      | Reached skill level 1 in Fighting
  8631 | D:6      | Reached XP level 9. HP: 41/41 MP: 18/18
  8994 | D:6      | Found a runed door.
  9019 | D:6      | Noticed Crazy Yiuf
  9023 | D:6      | Killed Crazy Yiuf
  9239 | D:7      | Reached *** piety under Dithmenos
  9585 | D:7      | Reached skill level 5 in Dodging
 10491 | D:8      | Noticed Ganzo's ghost (novice SpEn)
 10525 | D:8      | Killed Ganzo's ghost
 10525 | D:8      | Reached skill level 15 in Stealth
 10586 | D:8      | Reached **** piety under Dithmenos
 10588 | D:8      | Reached XP level 10. HP: 44/48 MP: 5/22
 11292 | D:8      | Learned a level 5 spell: Summon Mana Viper
 11358 | D:8      | Reached skill level 5 in Short Blades
 11821 | D:8      | Reached skill level 1 in Summonings
 11972 | D:8      | Found a snail-covered altar of Cheibriados.
 11972 | D:8      | Found an ornate altar of the Wu Jian Council.
 11973 | D:8      | Found a stormy altar of Qazlal.
 12148 | D:9      | Noticed a two-headed ogre
 12183 | D:9      | Killed a two-headed ogre
 12296 | D:9      | Reached ***** piety under Dithmenos
 13415 | D:9      | Found a staircase to the Lair.
 13621 | D:9      | Found a sacrificial altar of Ru.
 13699 | D:9      | Found a glowing silver altar of Zin.
 13766 | D:10     | Entered Level 10 of the Dungeon
 13766 | D:10     | Noticed a two-headed ogre
 13771 | D:10     | Killed a two-headed ogre
 13771 | D:10     | Reached XP level 11. HP: 53/53 MP: 24/24
 14595 | D:10     | Found a staircase to the Orcish Mines.
 14614 | D:10     | Reached skill level 5 in Summonings
 15150 | D:11     | Noticed a six-headed hydra
 15606 | D:11     | Killed a six-headed hydra
 15640 | D:11     | Noticed Fannar
 15664 | D:11     | Killed Fannar
 15670 | D:11     | Noticed Maurice
 15688 | D:11     | Noticed Psyche
 15700 | D:11     | Killed Psyche
 15707 | D:11     | Killed Maurice
 15707 | D:11     | Reached skill level 16 in Stealth
 16468 | D:11     | Gained mutation: Your magical capacity is low. (-10% MP) [potion of mutation]
 16468 | D:11     | Gained mutation: You expend magic power (3 MP) to strengthen your wands. [potion of mutation]
 16468 | D:11     | Gained mutation: Your mind is acute. (Int +2) [potion of mutation]
 16683 | D:12     | Noticed a deep elf mage
 16693 | D:12     | Killed a deep elf mage
 17213 | D:12     | Noticed a two-headed ogre
 17220 | D:12     | Killed a two-headed ogre
 17241 | D:12     | Noticed Erolcha
 17279 | D:12     | Killed Erolcha
 17279 | D:12     | Reached XP level 12. HP: 58/58 MP: 23/23
 17659 | D:12     | Found Kufrumu's Food Boutique.
 17856 | D:12     | Reached skill level 5 in Fighting
 18091 | D:13     | Noticed a six-headed hydra
 18098 | D:13     | Killed a six-headed hydra
 18098 | D:13     | Reached skill level 10 in Hexes
 18127 | D:12     | Reached skill level 10 in Dodging
 18446 | D:13     | Noticed a five-headed hydra
 18451 | D:13     | Noticed a centaur warrior
 18955 | D:13     | Reached skill level 10 in Spellcasting
 18982 | D:13     | Noticed Josephine
 18986 | D:13     | Killed a centaur warrior
 19042 | D:12     | Killed a five-headed hydra
 19042 | D:12     | Reached ****** piety under Dithmenos
 19042 | D:12     | Reached skill level 17 in Stealth
 19340 | D:13     | Found a gate to the Vaults.
 19540 | D:13     | Reached XP level 13. HP: 41/65 MP: 25/25
 19890 | D:13     | Killed Josephine
 21387 | D:14     | Found an ancient bone altar of Kikubaaqudgha.
 21753 | Lair:1   | Entered Level 1 of the Lair of Beasts
 22384 | Lair:1   | Noticed Gastronok
 22401 | Lair:1   | Killed Gastronok
 23006 | Lair:1   | Noticed Grum
 23024 | Lair:1   | Noticed soonmide's ghost (journeyman DsMo)
 23054 | Lair:1   | Killed soonmide's ghost
 23177 | Lair:1   | Killed Grum
 23308 | Lair:2   | Found a staircase to the Shoals.
 23574 | Lair:2   | Found a staircase to the Snake Pit.
 23988 | Lair:3   | Reached skill level 18 in Stealth
 24738 | Lair:3   | Got a twisted short sword
 24739 | Lair:3   | Identified the +9 short sword "Ugy Wot" {pierce, rC++ Int+7 Dex-5} (You found it on level 3 of the Lair of Beasts)
 24740 | Lair:3   | Identified the Disquisition on Lightness and Attacks
 24744 | Lair:3   | Got a clouded pewter ring
 24935 | Lair:3   | Identified the ring "Wuschur" {-Tele Str+10 Int+5 Dex+4 SInv} (You found it on level 3 of the Lair of Beasts)
 25581 | Lair:4   | Reached XP level 14. HP: 72/72 MP: 27/27
 26152 | Lair:5   | Found a staircase to the Slime Pits.
 26612 | Lair:5   | Killed from afar by an oklob plant

Vault maps used:
D:1:      erik_arrival_cave_to_civilisation, hangedman_feature_mirror,
          minmay_misc_feat_doors
D:4:      nemelex_xobeh_ov_fountains_minmay,
          nicolae_gozag_cash_rules_everything_around_me,
          roderic_serpentine_path, saegor_snake_ambush
D:5:      minmay_temple_entry_grid, first_bread, minmay_misc_feat_encased,
          uniq_menkaure, uniq_blork_the_orc, uniq_grinder
D:6:      minmay_cornered_nines, portal_sewer_entry_f, serial_shops, shop,
          uniq_crazy_yiuf_cottage
D:7:      grunt_ogre_cave, kennysheep_generic_room_5
D:8:      gammafunk_temple_overflow_claw, serial_ice, serial_ice_j,
          serial_ice_m, serial_ice_e, serial_ice_o, minmay_misc_feat_nine_boxes,
          roderic_batcave, hangedman_decor_riveting
D:9:      zin_statuary, nicolae_overflow_crystal_walls,
          grunt_lair_entry_orc_guard_hut
D:10:     orc_0_dummy
D:11:     uniq_maurice, uniq_fannar, uniq_psyche
D:12:     serial_shops, nicolae_shop_window_shopping, uniq_erolcha
D:13:     erik_vaults_1, elves_outpost_lemuel, uniq_josephine
D:14:     hangedman_decor_opposing, stair_cage_wide, kennysheep_nub,
          lemuel_mausoleum_altar_kikubaaqudgha
Temple:   regret_index_temple_waves
Lair:1:   uniq_gastronok, uniq_grum
Lair:2:   minmay_shoals_entry_centaurs, guppyfry_snake_entry_garden
Lair:3:   minmay_lindwurm_lava, lemuel_fruit_fields, lemuel_fruit_fields
Lair:5:   minmay_slime_entry_oklob_open, forest_entry_grove
Sewer:    sewer_frog_island_02

Skill      XL: |  1  2  3  4  5  6  7  8  9 10 11 12 13 14 |
---------------+-------------------------------------------+-----
Spellcasting   | 3 4 5 7 8 9 10 11 12 | 12.0
Hexes          | 4 5 6 7 8 9 10 11 | 11.9
Stealth        | 5 8 12 14 15 16 17 18 | 18.4
Fighting       | 1 2 3 4 5 7 |  7.4
Short Blades   | 2 4 5 6 8 9 |  9.7
Dodging        | 4 6 7 9 11 12 | 12.6
Summonings     | 4 5 6 |  6.0

Action                   |  1- 3 |  4- 6 |  7- 9 | 10-12 | 13-15 || total
-------------------------+-------+-------+-------+-------+-------++-------
Melee: Dagger            |   139 |    38 |       |   203 |       ||   380
       Short sword       |       |    42 |   473 |   520 |   422 ||  1457
 Cast: Corona            |     5 |       |       |       |       ||     5
       Ensorcelled Hiber |    18 |    29 |    25 |    36 |    28 ||   136
       Dazzling Spray    |       |     2 |     8 |    30 |     5 ||    45
       Confuse           |       |     5 |    38 |    87 |    38 ||   168
       Tukima's Dance    |       |       |     2 |     3 |     1 ||     6
       Summon Mana Viper |       |       |       |    12 |    12 ||    24
Invok: Shadow Step       |       |       |       |     1 |     1 ||     2
 Abil: Evoke Berserk Rag |       |       |       |     1 |     1 ||     2
       Evoke Flight      |       |       |       |       |     2 ||     2
  Use: Scroll            |     5 |     8 |     7 |    12 |     5 ||    37
       Potion            |     1 |       |     4 |    10 |     2 ||    17
 Stab: Sleeping          |    26 |    23 |    43 |    65 |    59 ||   216
       Distracted        |       |     1 |     2 |     6 |     5 ||    14
       Confused          |       |     6 |    26 |    53 |    19 ||   104
       Invisible         |       |       |       |     7 |     3 ||    10
  Eat: Bread ration      |       |     1 |       |     2 |     1 ||     4
       Royal jelly       |       |       |     2 |     2 |       ||     4
       Fruit             |       |       |     1 |     5 |     4 ||    10
Armor: Robe              |    25 |     6 |    45 |    54 |    36 ||   166
       Skin              |    10 |       |       |       |       ||    10
Dodge: Dodged            |   164 |    34 |   294 |   676 |   380 ||  1548

Table legend:
 A = Spawn XP
 B = Non-spawn XP
 C = Spawn XP percentage of total XP
 D = Spawn monster count
 E = Non-spawn monster count
 F = Spawn count percentage of total count
 G = Total turns spent on level
                    A         B        C        D         E        F      G
               +---------+---------+-------+---------+---------+-------+---------
         Total |       0 |   70606 |   0.0 |       0 |     586 |   0.0 | 26612
               +---------+---------+-------+---------+---------+-------+---------
           D:1 |       0 |      25 |   0.0 |       0 |      12 |   0.0 |  1342
           D:2 |       0 |      61 |   0.0 |       0 |      30 |   0.0 |  1232
           D:3 |       0 |     138 |   0.0 |       0 |      20 |   0.0 |  1115
           D:4 |       0 |     108 |   0.0 |       0 |       4 |   0.0 |   950
           D:5 |       0 |     819 |   0.0 |       0 |      16 |   0.0 |  1329
           D:6 |       0 |    1364 |   0.0 |       0 |      35 |   0.0 |  1770
           D:7 |       0 |    1793 |   0.0 |       0 |      35 |   0.0 |  1376
           D:8 |       0 |    3301 |   0.0 |       0 |      47 |   0.0 |  1709
           D:9 |       0 |    2789 |   0.0 |       0 |      25 |   0.0 |  1932
          D:10 |       0 |    3077 |   0.0 |       0 |      25 |   0.0 |  1499
          D:11 |       0 |    4755 |   0.0 |       0 |      63 |   0.0 |  1463
          D:12 |       0 |    8948 |   0.0 |       0 |      52 |   0.0 |  2313
          D:13 |       0 |   13674 |   0.0 |       0 |      38 |   0.0 |  1477
          D:14 |       0 |    3178 |   0.0 |       0 |      30 |   0.0 |  1203
        Lair:1 |       0 |   10117 |   0.0 |       0 |      36 |   0.0 |  1225
        Lair:2 |       0 |    2634 |   0.0 |       0 |      14 |   0.0 |  1002
        Lair:3 |       0 |    6472 |   0.0 |       0 |      23 |   0.0 |   985
        Lair:4 |       0 |    2687 |   0.0 |       0 |      11 |   0.0 |   917
        Lair:5 |       0 |    4303 |   0.0 |       0 |      13 |   0.0 |   450
         Sewer |       0 |     363 |   0.0 |       0 |      57 |   0.0 |  1184
               +---------+---------+-------+---------+---------+-------+---------
